 Dungeon Crawl Stone Soup version 0.21.1-1-g345015fe64 (webtiles) character file.

108 Loge the Magician (level 4, 0/24 HPs)
             Began as a Deep Elf Fire Elementalist on July 17, 2018.
             Killed by nerve-wracking pain
             ... invoked by an orc priest
              (10 damage)
             ... on level 3 of the Dungeon.
             The game lasted 00:06:59 (2154 turns).

Loge the Magician (Deep Elf Fire Elementalist)      Turns: 2154, Time: 00:07:00

Health: 0/24       AC:  4    Str:  5    XL:     4   Next: 58%
Magic:  6/12       EV: 13    Int: 21    God:
Gold:   105        SH:  0    Dex: 15    Spells: 5/11 levels left

rFire    . . .     SeeInvis .   p - +2 dagger (protect)
rCold    . . .     Gourm    .   (no shield)
rNeg     . . .     Faith    .   a - +0 robe
rPois    .         Spirit   .   (no helmet)
rElec    .         Reflect  .   l - +1 cloak
rCorr    .         Harm     .   (no gloves)
MR       .....                  (no boots)
Stlth    ++........             (no amulet)
HPRegen  0.08/turn              (no ring)
MPRegen  0.13/turn              (no ring)

@: no status effects
A: no striking features
a: no special abilities


You were on level 3 of the Dungeon.
You were not hungry.

You visited 1 branch of the dungeon, and saw 3 of its levels.

You collected 105 gold pieces.

Inventory:

Hand Weapons
 p - a +2 dagger of protection (weapon)
Armour
 a - a +0 robe (worn)
 l - a +1 cloak (worn)
Jewellery
 j - a +5 ring of evasion {unknown}
 n - an uncursed ring of magical power {unknown}
Scrolls
 d - a scroll of remove curse {unknown}
 g - 6 scrolls of identify {unknown}
 h - 4 scrolls of teleportation {unknown}
 o - a scroll of amnesia {unknown}
Potions
 i - 2 potions of curing {unknown}
 k - a potion of mutation {unknown}
 m - a potion of brilliance {unknown}
Books
 b - a book of Flames

   Spells                             Type                      Level
   a - Flame Tongue                   Conjuration/Fire             1
   b - Throw Flame                    Conjuration/Fire             2
   c - Conjure Flame                  Conjuration/Fire             3
   d - Inner Flame                    Hexes/Fire                   3
   e - Sticky Flame                   Conjuration/Fire             4
   f - Fireball                       Conjuration/Fire             5
Comestibles
 c - 10 rations
 f - a chunk of flesh


   Skills:
 - Level 2.4 Dodging
 - Level 2.4 Stealth
 + Level 4.1 Spellcasting
 * Level 3.6 Conjurations
 + Level 4.1 Fire Magic


You had 5 spell levels left.
You knew the following spells:

 Your Spells              Type           Power        Failure   Level  Hunger
a - Flame Tongue          Conj/Fire      ###..        2%          1    None
b - Throw Flame           Conj/Fire      ###...       3%          2    #......
c - Conjure Flame         Conj/Fire      ###.....     8%          3    ###....


Dungeon Overview and Level Annotations

Branches:
Dungeon (3/15)

Altars:


Message History

Ouch! That really hurt!
You hear a shout!
Casting: Flame Tongue
Confirm with . or Enter, or press ? or * to list all spells.
Aiming: Flame Tongue
Press: ? - help, Shift-Dir - straight line, f/p - orc
Aim: an orc (almost dead)
The flame tongue hits the orc.
You kill the orc!
The orc priest begins to cast a cantrip, but forgets the words!
Casting: Flame Tongue
Confirm with . or Enter, or press ? or * to list all spells.
Aiming: Flame Tongue
Press: ? - help, Shift-Dir - straight line, f - orc priest
Aim: an orc priest, wielding a war axe The flame tongue hits the orc priest.
The orc priest is heavily wounded.
The orc priest invokes the aid of Beogh against you.
Pain shoots through your body!
You die...

..........#
..........#
..........#
..........#
..........# #
########### .#
#######...#
####o.#
........#.#
#..§o.#
....(...#.# #@#
.......##.# #.#
.......##.# #.#
.......##.# #.#
.).....##.# #.#
.......##.######.#
.......##......#.#
#.....########.#.#
......+..........#


You could see 2 orc priests.

Vanquished Creatures
  5 adders
  2 oozes (D:3)
  2 worms (D:2)
  A leopard gecko (D:3)
  3 orcs (D:3)
  6 bats
  2 giant cockroaches (D:1)
  A goblin (D:2)
  8 hobgoblins
  2 jackals (D:1)
  5 kobolds (D:1)
  3 quokkas
  6 rats
46 creatures vanquished.

Notes
Turn   | Place    | Note
-------+----------+-------------------------------------------
     0 | D:1      | Loge the Deep Elf Fire Elementalist began the quest for the Orb.
     0 | D:1      | Reached XP level 1. HP: 10/10 MP: 6/6
   446 | D:1      | Reached XP level 2. HP: 15/15 MP: 5/8
   450 | D:1      | Learned a level 2 spell: Throw Flame
   882 | D:2      | Reached XP level 3. HP: 19/19 MP: 0/10
   893 | D:2      | Learned a level 3 spell: Conjure Flame
  1582 | D:3      | Reached XP level 4. HP: 24/24 MP: 6/11
  2154 | D:3      | Killed from afar by an orc priest

Skill      XL: |  1  2  3  4 |
---------------+-------------+-----
Conjurations   | 2 3 |  3.6
Fire Magic     | 4 |  4.1
Spellcasting   | 4 |  4.1
Dodging        | |  2.4
Stealth        | |  2.4

Action                   |  1- 3 |  4- 6 || total
-------------------------+-------+-------++-------
Melee: Dagger            |     1 |       ||     1
 Cast: Flame Tongue      |    45 |    32 ||    77
       Throw Flame       |    10 |     2 ||    12
       Conjure Flame     |     2 |     2 ||     4
  Eat: Chunk             |     2 |     2 ||     4
Armor: Robe              |     5 |     1 ||     6
Dodge: Dodged            |     7 |     3 ||    10
